AoeStats
← 欢乐小菜鸟

Black Forest

506821145Analyzed
4v4 RM · 16d ago on Sep 15, 2026· 49m 20s· 8 players
Game mode
Random Map
Map size
Large (8 player)
Population
200
Speed
Normal
Resources
Standard
Victory
Conquest
Starting age
Dark Age
Ending age
Imperial Age
RankedLock teamsTeams togetherTeam positionsShared explorationLock speedFull tech treeHidden civsTurbo modeCheats
Victory
Defeat
🇮🇩 Mongols · Indonesia
1112
+12
🇩🇪 Burgundians · Germany
1078
+14
🇸🇰 Khitans · Slovakia
1074
+14
🇨🇳 Turks · China
1072
+14
🇹🇷 Byzantines · Türkiye
1086
-16
🇦🇺 Hindustanis · Australia
1045
-14
🇨🇳 Chinese · China
1000
-38
🇨🇳 Khmer · China
993
-12
easymoney
14:35 Feudal Age
19:52 Castle Age
18:31 Double-Bit Axe
20:04 Stone Mining
20:05 Gold Mining
20:00 Horse Collar
30:12 Loom
33:49 Bow Saw
34:57 Wheelbarrow
34:41 Heavy Plow
36:43 Hand Cart
39:58 Imperial Age
38:32 Gold Shaft Mining
46:05 Two-Man Saw
Chelsea Smile
1:08 Loom
11:28 Feudal Age
12:12 Double-Bit Axe
12:08 Horse Collar
12:22 Gold Mining
12:26 Stone Mining
14:50 Wheelbarrow
19:12 Castle Age
20:13 Caravan
21:49 Gold Shaft Mining
27:25 Stone Shaft Mining
29:16 Heavy Plow
32:41 Imperial Age
30:51 Fletching
31:02 Padded Archer Armor
32:14 Bodkin Arrow
32:34 Leather Archer Armor
32:26 Town Watch
33:21 Ballistics
33:23 Husbandry
33:33 Bloodlines
33:08 Elite Mangudai
34:41 Parthian Tactics
35:06 Conscription
35:01 Town Patrol
35:29 Bracer
37:52 Chemistry
37:03 Masonry
37:25 Thumb Ring
37:58 Coinage
38:27 Hand Cart
44:03 Banking
44:53 Nomads
45:28 Hoardings
45:14 Drill
44:52 Murder Holes
45:02 Siege Engineers
45:08 Fortified Wall
Marze^
0:50 Loom
14:13 Feudal Age
17:11 Wheelbarrow
20:15 Castle Age
19:19 Domestication
19:24 Double-Bit Axe
23:39 Pastoralism
23:50 Bow Saw
23:34 Gold Mining
23:35 Stone Mining
29:11 Scale Mail Armor
29:21 Forging
31:31 Forging
34:41 Hand Cart
34:11 Town Watch
35:05 Iron Casting
34:45 Chain Mail Armor
39:27 Imperial Age
37:40 Lamellar Armor
37:45 Scale Barding Armor
40:13 Town Patrol
41:42 Conscription
40:43 Elite Liao Dao
41:33 Ordo Cavalry
44:57 Caravan
45:29 Plate Mail Armor
45:25 Ballistics
46:05 Chemistry
45:16 Fortified Wall
45:01 Murder Holes
45:17 Masonry
45:12 Siege Engineers
44:48 Treadmill Crane
46:10 Two-Man Saw
46:27 Chain Barding Armor
46:53 Squires
46:39 Arson
48:44 Transhumance
48:56 Stone Shaft Mining
Gello426205
4:51 Loom
6:31 Wheelbarrow
11:02 Feudal Age
12:02 Hand Cart
11:45 Double-Bit Axe
12:20 Horse Collar
13:07 Heavy Plow
20:05 Castle Age
24:50 Scale Barding Armor
24:44 Cavalier
26:40 Husbandry
27:14 Bow Saw
30:02 Imperial Age
28:13 Forging
29:47 Two-Man Saw
29:19 Crop Rotation
28:44 Gold Mining
30:06 Paladin
31:10 Chain Barding Armor
33:28 Gold Shaft Mining
34:33 Plate Barding Armor
34:34 Iron Casting
35:36 Stone Mining
37:57 Blast Furnace
38:17 Chemistry
38:03 Town Watch
43:53 Treadmill Crane
44:24 Masonry
45:27 Light Cavalry
Matcha
0:30 Loom
11:33 Feudal Age
20:34 Castle Age
19:08 Horse Collar
19:31 Double-Bit Axe
22:11 Bow Saw
30:43 Ballistics
34:15 Gold Mining
34:15 Stone Mining
39:01 Imperial Age
36:34 Elite Skirmisher
37:06 Fletching
37:16 Padded Archer Armor
37:43 Forging
37:33 Scale Mail Armor
41:21 Chemistry
40:17 Murder Holes
40:36 Bodkin Arrow
40:56 Leather Archer Armor
42:49 Conscription
42:34 Shatagni
42:58 Bracer
43:13 Leather Archer Armor
44:50 Conscription
44:34 Shatagni
FALCON
1:54 Loom
13:57 Feudal Age
15:59 Gold Mining
18:24 Castle Age
18:14 Double-Bit Axe
22:58 Imperial Age
21:46 Crossbowman
28:51 Horse Collar
30:03 Bow Saw
33:15 Wheelbarrow
33:11 Husbandry
34:26 Heavy Plow
34:44 Stone Mining
38:57 Two-Man Saw
37:19 Heavy Camel Rider
38:40 Scale Barding Armor
37:59 Light Cavalry
38:24 Elite Skirmisher
41:49 Hand Cart
42:41 Chain Barding Armor
43:00 Gold Shaft Mining
43:03 Crop Rotation
46:12 Forging
46:32 Pikeman
47:13 Squires
48:04 Halberdier
48:49 Scale Mail Armor
49:24 Iron Casting
欢乐小菜鸟
5:13 Loom
12:01 Feudal Age
16:48 Castle Age
14:48 Double-Bit Axe
14:44 Horse Collar
17:45 Wheelbarrow
18:12 Bow Saw
18:07 Heavy Plow
19:18 Hand Cart
25:27 Gold Mining
25:27 Stone Mining
29:14 Imperial Age
26:30 Town Watch
28:17 Gold Shaft Mining
27:33 Stone Mining
29:10 Scale Barding Armor
29:37 Caravan
30:30 Stone Shaft Mining
30:43 Chain Barding Armor
30:34 Forging
30:14 Fletching
31:28 Chemistry
30:48 Ballistics
30:42 Bloodlines
30:32 Husbandry
31:45 Elite Ballista Elephant
32:48 Conscription
32:30 Double Crossbow
33:00 Bodkin Arrow
33:41 Plate Barding Armor
32:52 Light Cavalry
33:54 Bracer
34:03 Siege Engineers
36:02 Iron Casting
35:16 Hussar
37:32 Scale Mail Armor
38:33 Blast Furnace
39:41 Crop Rotation
38:36 Pikeman
39:02 Arson
39:33 Chain Mail Armor
39:15 Halberdier
40:59 Padded Archer Armor
41:12 Masonry
40:57 Murder Holes
Cornelius amir
2:37 Loom
11:50 Feudal Age
12:35 Double-Bit Axe
12:32 Horse Collar
15:16 Wheelbarrow
25:45 Castle Age
24:13 Stone Mining
24:13 Gold Mining
25:02 Padded Archer Armor
24:52 Fletching
25:13 Forging
25:03 Scale Mail Armor
26:43 Hand Cart
26:42 Bow Saw
26:39 Heavy Plow
32:20 Stone Shaft Mining
32:21 Gold Shaft Mining
33:43 Bodkin Arrow
34:04 Leather Archer Armor
33:54 Scale Barding Armor
34:04 Chain Mail Armor
34:00 Forging
40:15 Imperial Age
39:45 Chain Barding Armor
40:01 Iron Casting
39:40 Masonry
39:25 Murder Holes
39:41 Fortified Wall
39:51 Ballistics
44:05 Architecture
44:36 Chemistry
43:22 Arrowslits
47:36 Elite Chu Ko Nu
48:16 Great Wall
48:36 Rocketry
Connection lost

Rejoining the realm…

Still unreachable

The connection could not be restored.

Session expired

The server has moved on; the page needs a fresh start.